 Dungeon Crawl Stone Soup version 0.14-a0-1546-g4b4961f (webtiles) character file.

388 Piginabag the Magician (level 6, -1/36 HPs)
             Began as an Octopode Wizard on Dec 18, 2013.
             Slain by a giant frog skeleton (6 damage)
             ... on Level 4 of the Dungeon.
             The game lasted 00:15:48 (4240 turns).

Piginabag the Magician (Octopode Wizard)            Turns: 4240, Time: 00:15:48

HP  -1/36        AC  1     Str  8      XL: 6   Next: 12%
MP   5/17        EV 12     Int 25      God:
Gold 139         SH  0     Dex 11      Spells:  3 memorised,  9 levels left

rFire  . . .     SeeInvis .     s - +0 scythe
rCold  . . .     Clarity  .     (no shield)
rNeg   . . .     Conserve .     b - +0 wizard hat
rPois  .         rCorr    .     (no amulet)
rElec  .         rRot     .     (no ring)
SustAb . .       Spirit   .     (no ring)
rMut   .         Warding  .     (no ring)
Saprov . . .     Stasis   .     (no ring)
                                (no ring)
                                (no ring)
                                (no ring)
                                (no ring)

@: confused, brilliant, slightly resistant to hostile enchantments, fairly
stealthy
A: almost no armour, amphibious, 8 rings, constrict 8, camouflage 1, gelatinous
body 1
a: no special abilities


You were on level 4 of the Dungeon.
You were not hungry.

You visited 1 branch of the dungeon, and saw 4 of its levels.

You collected 139 gold pieces.

Inventory:

Hand weapons
 s - a +0,+0 scythe (weapon)
Missiles
 j - 28 poisoned needles
Armour
 b - a +0 wizard hat (worn)
Comestibles
 d - 3 bread rations
 l - an apple
 n - a lemon
 t - a chunk of worm flesh
Scrolls
 a - 2 scrolls of enchant armour {unknown}
 e - 4 scrolls of identify
 f - a scroll of amnesia {unknown}
 h - a scroll of teleportation {unknown}
 m - a scroll of random uselessness {unknown}
 o - 3 scrolls of remove curse {unknown}
 q - a scroll of noise {unknown}
 r - a scroll of curse armour {unknown}
Potions
 g - a potion of confusion
 k - a potion of restore abilities {unknown}
Books
 c - a book of Minor Magic

   Spells                             Type                      Level
   *Magic Dart                        Conjuration                  1
   Blink                              Translocation                2
   Call Imp                           Summoning                    2
   Repel Missiles                     Charms/Air                   2
   *Slow                              Hexes                        2
   Conjure Flame                      Conjuration/Fire             3
   *Mephitic Cloud                    Conjuration/Poison/Air       3


   Skills:
 - Level 2.0 Dodging
 - Level 2.6 Stealth
 + Level 5.2 Spellcasting
 + Level 3.4 Conjurations
 + Level 0.2 Hexes
   Level 1.0 Summonings
   Level 1.0 Translocations
 + Level 0.2 Poison Magic


You had 9 spell levels left.
You knew the following spells:

 Your Spells              Type           Power        Failure   Level  Hunger
a - Magic Dart            Conj           ####         1%          1    None
b - Mephitic Cloud        Conj/Pois/Air  ####....     1%          3    ##.....
c - Slow                  Hex            ###.....     1%          2    None


Dungeon Overview and Level Annotations

Branches:
Dungeon (4/16)
 Temple: D:4-7

Altars:
Nemelex Xobeh
Okawaru

Annotations:
D:3 Ijyb


Innate Abilities, Weirdness & Mutations

You cannot wear most types of armour.
You are amphibious.
You can wear up to eight rings at the same time.
You can use your tentacles to constrict many enemies at once.
Your skin changes colour to match your surroundings (Stlth).
Your rubbery body absorbs attacks (AC +1).


Message History

The magic dart hits the giant frog skeleton.
You constrict the giant frog skeleton. The giant frog skeleton hits you.
* * * LOW HITPOINT WARNING * * *
You release your grip on the giant frog skeleton.
The giant frog skeleton barely misses you.
Drink which item? (? for menu, Esc to quit)
You feel better.
The giant frog skeleton closely misses you.
Drink which item? (? for menu, Esc to quit)
You are confused.
It was a potion of confusion.
The giant frog skeleton hits you but does no damage.
You barely miss the giant frog skeleton.
The giant frog skeleton hits you.
* * * LOW HITPOINT WARNING * * *
The giant frog skeleton closely misses you.
Drink which item? (? for menu, Esc to quit)
You feel clever all of a sudden.
It was a potion of brilliance.
The giant frog skeleton hits you.
You die...

.### ####$.... #⌠.⌠....
##### .#####._...####
>..... ......⌠.⌠......
.#### ............#####
.$.......(......#
#.#.#####z#.###.#
#@#.###.##
#?#####.#.##...####.#
.....................#
#.###.#.#.##...#########
#.#.#.##.#.........# #
#.#.###.########.#
###.#.#.....# #..
....).....#..# ###
#####.##....#


You could see a giant frog skeleton.

Vanquished Creatures
  Sigmund (D:3)
  Terence (D:2)
  5 adders
  3 gnolls (D:3)
  A worm (D:4)
  An adder skeleton (D:4)
  3 giant geckos
  An ooze (D:2)
  8 orcs (D:3)
  9 bats
  5 giant cockroaches
  11 goblins
  9 hobgoblins
  5 giant newts
  A goblin skeleton (D:4)
  8 kobolds
  A kobold skeleton (D:4)
  6 rats
79 creatures vanquished.

Notes
Turn   | Place    | Note
--------------------------------------------------------------
     0 | D:1      | Piginabag, the Octopode Wizard, began the quest for the Orb.
     0 | D:1      | Reached XP level 1. HP: 11/11 MP: 4/4
   518 | D:1      | Reached XP level 2. HP: 17/17 MP: 3/6
  1398 | D:2      | Reached XP level 3. HP: 7/21 MP: 1/8
  1404 | D:2      | HP: 1/21 [bat (1)]
  1675 | D:2      | Noticed Terence
  1704 | D:2      | Reached skill level 4 in Spellcasting
  1794 | D:2      | Learned a level 3 spell: Mephitic Cloud
  2146 | D:2      | Reached XP level 4. HP: 23/27 MP: 4/11
  2893 | D:3      | Noticed Sigmund
  2922 | D:3      | Killed Sigmund
  2922 | D:3      | Reached XP level 5. HP: 29/31 MP: 1/14
  3088 | D:3      | Noticed Ijyb
  3208 | D:3      | Found an iron altar of Okawaru.
  3229 | D:3      | Reached skill level 5 in Spellcasting
  3562 | D:3      | Reached XP level 6. HP: 25/36 MP: 17/17
  3924 | D:3      | Learned a level 2 spell: Slow
  3989 | D:2      | Killed Terence
  4217 | D:4      | Found a sparkling altar of Nemelex Xobeh.
  4240 | D:4      | Slain by a giant frog skeleton

Action                   |  1- 3 |  4- 6 || total
-------------------------+-------+-------++-------
Melee: Unarmed           |    21 |    24 ||    45
       Scythe            |       |    12 ||    12
 Cast: Magic Dart        |    86 |   117 ||   203
       Mephitic Cloud    |       |    10 ||    10
       Slow              |       |     2 ||     2
  Use: Potion            |     1 |     3 ||     4
       Scroll            |       |     1 ||     1
 Stab: Confused          |       |     3 ||     3
       Sleeping          |       |     1 ||     1
